 Dungeon Crawl Stone Soup version 0.17-a0-1150-g17b0b87 (webtiles) character file.

9418 Chiseanne the Fighter (level 11, -2/154 (156) HPs)
             Began as a White Draconian Wanderer on May 27, 2015.
             Was an Initiate of Gozag.
             Slain by a seven-headed hydra (3 damage)
             ... on level 11 of the Dungeon.
             The game lasted 00:35:46 (13032 turns).

Chiseanne the Fighter (White Draconian Wanderer)   Turns: 13032, Time: 00:35:47

HP:   -2/154 (156)  AC: 10    Str: 18    XL:     11   Next: 22%
MP:   19/20         EV: 17    Int: 16    God:    Gozag
Gold: 2639          SH:  6    Dex: 18    Spells: 2 memorised, 18 levels left

rFire  + . .     SeeInvis .     T - +0 morningstar
rCold  + . .     Clarity  .     (armour unavailable)
rNeg   . . .     SustAt   .     g - +0 buckler of Birdsong {rF+} (curse)
rPois  .         Gourm    .     (helmet restricted)
rElec  .         Spirit   .     (no cloak)
rCorr  .         Warding  .     M - +2 pair of gloves {Dex+3}
rMut   .         Stasis   .     (no boots)
MR     .....                    t - amulet of faith
Stlth  ..........               j - +3 ring of dexterity
                                I - +2 ring of slaying

@: mighty, berserking, very slightly contaminated, hasted, invisible, very
quick, not resistant to hostile enchantments, extremely unstealthy
A: breathe frost, unfitting armour, cold resistance 1, cold-blooded, AC +7
a: Breathe Frost, Potion Petition, Call Merchant, Bribe Branch, Renounce
Religion


You were on level 11 of the Dungeon.
You worshipped Gozag.
Gozag was noncommittal.
You were full.

You visited 2 branches of the dungeon, and saw 12 of its levels.

You collected 2691 gold pieces.
You paid 52 gold pieces to Gozag.

Inventory:

Hand weapons
 a - a +2 war axe of freezing
 v - a +0 antimagic war axe
 w - a +0 blowgun
 S - a +0 dagger of flaming
 T - a +0 morningstar (weapon)
Missiles
 m - 19 exploding sling bullets
 n - 89 sling bullets
 o - 3 bolts of flame
 p - 68 bolts
 y - 4 tomahawks (quivered)
 B - 10 javelins
 H - 10 poisoned bolts
 N - 42 poisoned needles
Armour
 g - the cursed +0 buckler of Birdsong (worn) {rF+}
   (You took it off an orc on level 6 of the Dungeon)

   It protects you from fire.
   It has a curse placed upon it.
 l - a +0 pair of gloves
 M - a +2 pair of gloves of dexterity (worn)
Magical staves
 z - an uncursed staff of wizardry
 L - an uncursed staff of energy
Jewellery
 e - an uncursed ring of teleportation
 f - an uncursed amulet of the gourmand
 j - a +3 ring of dexterity (right hand)
 t - an amulet of faith (around neck)
 E - an uncursed ring of magical power
 I - a +2 ring of slaying (left hand)
 K - the ring of Jilaxavvany {+/*Tele Slay+3}
   (You found it on level 7 of the Dungeon)

   [ring of teleportation]

   It may teleport you to nearby monsters, and can be evoked to randomly
   teleport.
   It affects your accuracy and damage with ranged weapons and melee attacks
   (+3).
Magical devices
 F - a wand of digging (17)
Scrolls
 i - 2 scrolls of teleportation
 q - a scroll of magic mapping
 r - 4 scrolls of remove curse
 s - a scroll of amnesia
 x - 4 scrolls of blinking
 A - a scroll of fear
Potions
 h - 3 potions of cancellation
 k - a potion of flight
 u - a potion of invisibility
 G - a potion of curing
 J - a potion of brilliance {unknown}
 U - a potion of cure mutation {unknown}
Books
 b - a book of Burglary

   Spells                             Type                      Level
   a - Swiftness                      Charms/Air                   2
   b - Passwall                       Transmutation/Earth          3
   c - Passage of Golubria            Translocation                4
   d - Lee's Rapid Deconstruction     Earth                        5
   e - Invisibility                   Hexes                        6
   f - Darkness                       Hexes                        7
 c - the Almanac of the Frostbite

   Spells                             Type                      Level
   a - Throw Frost                    Conjuration/Ice              2
   b - Ensorcelled Hibernation        Hexes/Ice                    2
 D - a book of the Warp

   Spells                             Type                      Level
   a - Recall                         Summoning/Translocation      3
   b - Gell's Gravitas                Hexes/Translocation          3
   c - Control Teleport               Charms/Translocation         4
   d - Force Lance                    Conjuration/Translocation    4
   e - Phase Shift                    Translocation                5
   f - Warp Weapon                    Charms/Translocation         5
   g - Summon Forest                  Summoning/Translocation      5
Comestibles
 d - 3 bread rations
 O - 5 meat rations
 P - 4 royal jellies


   Skills:
 * Level 12.1 Fighting
 - Level 4.0 Axes
 - Level 1.0 Throwing
 - Level 6.3 Dodging
 - Level 1.0 Stealth
 * Level 7.4 Shields
 * Level 6.2 Spellcasting
 * Level 6.5 Ice Magic
 - Level 2.2 Evocations


You had 18 spell levels left.
You knew the following spells:

 Your Spells              Type           Power        Failure   Level  Hunger
a - Ensorcelled Hibernat  Hex/Ice        ###...       8%          2    #......
b - Swiftness             Chrm/Air       #.......     21%         2    #......


Dungeon Overview and Level Annotations

Branches:
Dungeon (11/15)            Temple (1/1) D:4            Lair (0/8) D:11
    Orc (0/4) D:11

Altars:
Ashenzari
Cheibriados
Dithmenos
Elyvilon
Fedhas
Gozag
Kikubaaqudgha
Makhleb
Nemelex Xobeh
Okawaru
Qazlal
Ru
Sif Muna
Trog
Vehumet
Xom
Yredelemnul
Zin
The Shining One

Shops:
D:5 *


Innate Abilities, Weirdness & Mutations

You can breathe waves of freezing cold.
You can buffet flying creatures when you breathe cold.
Your icy white scales are hard (AC +7).
Your body does not fit into most forms of armour.
Your flesh is cold resistant.
You are cold-blooded and may be slowed by cold attacks.


Message History

The seven-headed hydra closely misses you.
The seven-headed hydra misses you.
The seven-headed hydra barely misses you.
You block the seven-headed hydra's attack.
The seven-headed hydra closely misses you.
The seven-headed hydra completely misses you.
The seven-headed hydra bites you.
* * * LOW HITPOINT WARNING * * *
You puncture the seven-headed hydra!
The seven-headed hydra is severely wounded.
The seven-headed hydra bites you!
* * * LOW HITPOINT WARNING * * *
The seven-headed hydra bites you.
* * * LOW HITPOINT WARNING * * *
The seven-headed hydra closely misses you.
The seven-headed hydra bites you!
* * * LOW HITPOINT WARNING * * *
The seven-headed hydra bites you.
You die...
Your body crumbles into a pile of gold.

.. .######## ......
....... ..... .....
....#### #..# #......#
####..# #....>.##
......##########........
..............).D...(...
#
#[.#########....@..((...
#
#..#########.(##########
## #....................
#. .....................
#. ....>.....(..........
#. ..............#######
## .....................
.....................
####..######)#######.


You could see a seven-headed hydra.

Vanquished Creatures
  A queen bee (D:10)
  3 trolls
  A slime creature (D:9)
  The ghost of kaze the Gusty, an average TeAE (D:4)
  A wyvern (D:9)
  3 yaks (D:9)
  2 steam dragons (D:10)
  A hippogriff (D:11)
  A hungry ghost (D:8)
  4 wargs (D:11)
  4 porcupines (D:10)
  A wasp (D:9)
  2 necrophages
  3 ice beasts
  3 sky beasts
  5 black bears
  5 centaurs
  2 big kobolds
  7 ogres
  A crocodile (D:9)
  6 giant frogs
  A wyvern zombie (D:10)
  5 scorpions
  29 killer bees
  5 wights (D:8)
  11 crimson imps
  A jelly (D:9)
  A quasit (D:9)
  3 orc priests
  A wasp zombie (D:9)
  8 hounds
  2 iguanas
  7 orc wizards
  2 centaur skeletons
  3 worker ants
  A killer bee zombie (D:7)
  2 hound skeletons
  2 hound zombies
  4 worker ant zombies
  6 gnolls
  10 adders
  2 shadow imps (D:6)
  2 oozes
  2 worms (D:2)
  5 giant geckos
  26 orcs
  A bat zombie (D:7)
  3 giant cockroaches
  14 hobgoblins
  7 jackals
  23 kobolds
  2 ball pythons
  12 bats
  A giant gecko skeleton (D:6)
  A giant gecko zombie (D:9)
  7 giant newts
  7 goblins
  A jackal skeleton (D:4)
  9 quokkas
  A quokka simulacrum (D:9)
  16 rats
  5 fungi (D:3)
308 creatures vanquished.

Notes
Turn   | Place    | Note
--------------------------------------------------------------
     0 | D:1      | Chiseanne the Draconian Wanderer began the quest for the Orb.
     0 | D:1      | Chiseanne set off with: a +2 hand axe, Sif Muna's Disquisition on Cold, the Almanac of the Frostbite, a bread ration
     0 | D:1      | Reached XP level 1. HP: 16/16 MP: 3/3
     0 | D:1      | Identified Sif Muna's Disquisition on Cold
     0 | D:1      | Identified the Almanac of the Frostbite
   398 | D:1      | Found a shimmering altar of Xom.
   409 | D:1      | Reached XP level 2. HP: 18/23 MP: 5/5
   821 | D:2      | You fall through a shaft!
   821 | D:3      | Found a shattered altar of Ashenzari.
   849 | D:2      | Reached skill level 1 in Evocations
   902 | D:2      | Reached skill level 1 in Dodging
  1158 | D:2      | Reached XP level 3. HP: 27/29 MP: 6/6
  1659 | D:4      | Noticed kaze's ghost (average TeAE)
  1904 | D:3      | Reached XP level 4. HP: 17/37 MP: 7/7
  2112 | D:3      | Found a blossoming altar of Fedhas.
  2849 | D:3      | Found a basalt altar of Yredelemnul.
  2857 | D:3      | Found a sacrificial altar of Ru.
  2863 | D:3      | Found a snail-covered altar of Cheibriados.
  3134 | D:4      | Found a staircase to the Ecumenical Temple.
  3149 | Temple   | Entered the Ecumenical Temple
  3181 | Temple   | Became a worshipper of Gozag Ym Sagoz the Greedy
  3359 | D:4      | Killed kaze's ghost
  3359 | D:4      | Reached XP level 5. HP: 28/45 MP: 7/9
  3359 | D:4      | Reached XP level 6. HP: 31/51 MP: 7/10
  3722 | D:4      | Found an iron altar of Okawaru.
  3911 | D:4      | Found a deep blue altar of Sif Muna.
  3958 | D:4      | Noticed an ogre
  3967 | D:4      | Killed an ogre
  3981 | D:4      | Learned a level 2 spell: Ensorcelled Hibernation
  4202 | D:5      | Entered Level 5 of the Dungeon
  4437 | D:5      | Your scales start taking on a icy white colour.
  4437 | D:5      | Gained mutation: Your flesh is cold resistant. [White Draconian growth]
  4437 | D:5      | Reached XP level 7. HP: 52/59 MP: 11/11
  4725 | D:5      | Reached skill level 5 in Dodging
  4751 | D:5      | Found a shimmering altar of Xom.
  4815 | D:5      | Found Zin's Purification Station.
  4815 | D:5      | Found a glowing silver altar of Zin.
  5079 | D:6      | Reached skill level 5 in Fighting
  5174 | D:6      | Reached XP level 8. HP: 68/68 MP: 13/13
  5227 | D:6      | Reached skill level 6 in Dodging
  5322 | D:6      | Got a scorched buckler
  5396 | D:6      | Identified the cursed +0 buckler of Birdsong {rF+} (You took it off an orc on level 6 of the Dungeon)
  5516 | D:6      | Reached skill level 1 in Shields
  5757 | D:6      | Found a burning altar of Makhleb.
  5916 | D:6      | Found a bloodstained altar of Trog.
  6257 | D:7      | Reached skill level 7 in Fighting
  6373 | D:7      | Reached XP level 9. HP: 56/78 MP: 7/15
  6487 | D:7      | Got a sparkling glass ring
  6489 | D:7      | Identified the ring of Jilaxavvany {+/*Tele Slay+3} (You found it on level 7 of the Dungeon)
  6702 | D:7      | Identified a scroll of acquirement
  7047 | D:8      | Reached skill level 8 in Fighting
  7859 | D:9      | Reached skill level 5 in Spellcasting
  7867 | D:9      | Reached skill level 9 in Fighting
  8180 | D:9      | Learned a level 2 spell: Swiftness
  8352 | D:9      | Reached skill level 5 in Ice Magic
  8355 | D:9      | Reached XP level 10. HP: 50/92 MP: 12/17
  8567 | D:9      | Found an iron altar of Okawaru.
  9097 | D:9      | Reached skill level 5 in Shields
  9104 | D:9      | Reached skill level 10 in Fighting
 10256 | D:9      | Found a shadowy altar of Dithmenos.
 10877 | D:10     | Entered Level 10 of the Dungeon
 10969 | D:10     | Reached skill level 11 in Fighting
 11492 | D:10     | Reached XP level 11. HP: 81/104 MP: 20/20
 12237 | D:11     | Noticed a seven-headed hydra
 12396 | D:11     | Found a staircase to the Lair.
 12486 | D:11     | Reached skill level 12 in Fighting
 12898 | D:11     | Found a staircase to the Orcish Mines.
 13032 | D:11     | HP: 1/154 [seven-headed hydra (8)]
 13032 | D:11     | Slain by a seven-headed hydra

Vault maps used:
D:1:      grunt_arrival_crossed_arrows, solitary_fountain, xom_teletrap_fun
D:2:      first_bread
D:3:      ashenzari_altar_1, minmay_overflow_temple_star_quad, serial_bayou,
          serial_bayou_pond_d, serial_bayou_pond_d, serial_bayou_crossing,
          serial_bayou_pond_b, fedhas_altar_3
D:4:      lemuel_blue_sif_altar, okawaru_altar_gauntlet_db,
          minmay_temple_entry_statues_pillars, dk_vineyard_2,
          hangedman_glass_teeth, lemuel_old_faithful
D:5:      zin_purify, kennysheep_little_box, hangedman_decor_clover_reticule
D:6:      makhleb_grotto_becter, trog_ov_bears_minmay
D:9:      hangedman_cross_cluster, grunt_dithmenos_smoke_and_mirrors,
          serial_corexii_hall, corexii_hall_statues_u, corexii_hall_statues_u,
          corexii_hall_statues_x
D:10:     wad_woods_tower, david_nohive_1
D:11:     lair_0_dummy, minmay_orc_entry_guard_dogs, grunt_ministairs_12,
          uniq_erica
Temple:   minmay_temple_bridge_c_8

Action                   |  1- 3 |  4- 6 |  7- 9 | 10-12 || total
-------------------------+-------+-------+-------+-------++-------
Melee: Hand axe          |    94 |   176 |   278 |       ||   548
       War axe           |       |       |   121 |   361 ||   482
       Morningstar       |       |       |       |     6 ||     6
Throw: Tomahawk          |       |     2 |    10 |    16 ||    28
       Javelin           |       |       |     9 |    10 ||    19
 Cast: Ensorcelled Hiber |       |       |     5 |    16 ||    21
  Use: Scroll            |     5 |     5 |    11 |     5 ||    26
       Potion            |       |     2 |     2 |     7 ||    11
 Stab: Sleeping          |       |     3 |     3 |     6 ||    12
       Distracted        |       |       |     3 |     4 ||     7
  Eat: Chunk             |     6 |     4 |       |       ||    10
       Fruit             |       |     8 |       |     3 ||    11
       Pizza             |       |       |     2 |       ||     2
       Bread ration      |       |       |     1 |     2 ||     3
       Beef jerky        |       |       |     1 |     1 ||     2
       Royal jelly       |       |       |       |     4 ||     4
